 Dungeon Sprint DCSS version 0.27.1-33-g824d729ab1 (webtiles) character file.

Game seed: 6005349771410825541

2203 manyhoops the Impaler (level 9, 0/82 HPs)
             Began as a Merfolk Berserker on Nov 25, 2021.
             Was a Priest of Trog.
             Slain by Sonja (4 damage)
             ... in the Dungeon (Sprint I: "Red Sonja").
             The game lasted 00:02:32 (733 turns).

manyhoops the Impaler (Merfolk Berserker)            Turns: 733, Time: 00:02:33

Health: 0/82       AC:  6    Str: 20    XL:     9   Next: 34%
Magic:  9/9        EV: 14    Int:  7    God:    Trog [***...]
Gold:   405        SH:  0    Dex: 13    Spells: 8/8 levels left

rFire    . . .     SeeInvis .   j - +1 scythe (protect)
rCold    . . .     Faith    .   (shield currently unavailable)
rNeg     . . .     Spirit   .   i - +0 ring mail
rPois    .         Reflect  .   (no helmet)
rElec    .         Harm     .   (no cloak)
rCorr    .         Rampage  .   (no gloves)
Will     .....     NoTele   +   (no boots)
Stlth    +.........             (no amulet)
HPRegen  0.23/turn              (no ring)
MPRegen  0.11/turn              (no ring)

@: lethally poisoned (0 -> -25), on berserk cooldown, slowed, very slow
A: (nimble swimmer 2), mertail
a: Renounce Religion, Berserk, Trog's Hand


You were in the Dungeon.
You worshipped Trog.
Trog was most pleased with you.
You visited 1 branch You collected 405 gold pieces.

Inventory:

Hand Weapons
 a - a +0 spear
 j - a +1 scythe of protection (weapon)
Armour
 b - a +0 animal skin
 i - a +0 ring mail (worn)
Scrolls
 h - a scroll of blinking
Potions
 e - a potion of haste
 f - 2 potions of magic
 g - a potion of berserk rage


   Skills:
 + Level 11.7 Fighting
 - Level 20.2 Polearms
 + Level 4.6 Armour
 + Level 9.3 Dodging


You had 8 spell levels left.
You didn't know any spells.
Your spell library was empty.

Dungeon Overview and Level Annotations

Branches:
Dungeon (1/1)

Altars:
Cheibriados
Dithmenos
Elyvilon
Fedhas
Gozag
Hepliaklqana
Kikubaaqudgha
Makhleb
Nemelex Xobeh
Okawaru
Qazlal
Ru
Sif Muna
Trog
Uskayaw
Vehumet
Wu Jian
Xom
Yredelemnul
Zin
The Shining One
Jiyva
Lugonu

Shops:
D :

Annotations:
D Sonja


Innate Abilities, Weirdness & Mutations

((You are quick and stealthy near water. (Stealth+, EV+, Speed+++)))
Your lower body shifts to a powerful aquatic tail in water.


Message History

Sonja closely misses you.
Sonja hits you with a +0 short sword of venom.
* * * LOW HITPOINT WARNING * * *
Sonja hits you with a +0 short sword of venom.
* * * LOW HITPOINT WARNING * * *
You are more poisoned.
Sonja hits you with a +0 short sword of venom.
* * * LOW HITPOINT WARNING * * *
You are more poisoned.
Sonja completely misses you.
There is an open door, spattered with blood here.
You feel much better.
* * * LOW HITPOINT WARNING * * *
You feel extremely sick.
Sonja hits you with a +0 short sword of venom.
* * * LOW HITPOINT WARNING * * *
Sonja misses you.
Sonja hits you with a +0 short sword of venom.
* * * LOW HITPOINT WARNING * * *
You are more poisoned.
Sonja casts a spell.
Sonja blinks!
Sonja mumbles some strange words.
Sonja blinks!
You feel better.
Sonja hits you with a +0 short sword of venom.
* * * LOW HITPOINT WARNING * * *
Sonja hits you with a +0 short sword of venom.
* * * LOW HITPOINT WARNING * * *
You are poisoned.
Sonja hits you but does no damage.
You are lethally poisoned!
Sonja hits you with a +0 short sword of venom.
* * * LOW HITPOINT WARNING * * *
You are more poisoned.
Sonja closely misses you.
Sonja hits you with a +0 short sword of venom.
* * * LOW HITPOINT WARNING * * *
Sonja hits you with a +0 short sword of venom.
You die...

#<.#..)..#..'..#__#..'...#
#..)..#..'[.#..'^.'..#)).##+#
#..#####'#####'#__####...'..#
#..####..#...#(####§[#####..+
#..#__####..##(#≈§≈§c# +##
#..#_____##'#_.+≈§§..+
#⌠⌠#_.∩...'..._#
####_..__##K.#'#
#_____###@#|# ####### #.###
+$§$+ #$.$# ##.## #+#


You could see Sonja (fast).

Vanquished Creatures
  2 kobold demonologists (D)
  4 demonic crawlers (D)
  A slime creature (D)
  Sigmund (D)
  A yak (D)
  A floating eye (D)
  An ogre (D)
  A jelly (D)
  Ijyb (D)
13 creatures vanquished.

Vanquished Creatures (others)
  A gargoyle (D)
1 creature vanquished.

Grand Total: 14 creatures vanquished

Notes
Turn   | Place    | Note
-------+----------+-------------------------------------------
     0 | D        | manyhoops the Merfolk Berserker began the quest for the
                  | Orb.
     0 | D        | Reached XP level 1. HP: 18/18 MP: 1/1
     1 | D        | Noticed Ijyb
    10 | D        | Killed Ijyb
    11 | D        | Reached skill level 9 in Polearms
    11 | D        | Reached XP level 2. HP: 24/24 MP: 2/2
    11 | D        | Reached XP level 3. HP: 29/29 MP: 3/3
    77 | D        | Noticed an ogre
    81 | D        | Killed an ogre
    82 | D        | Reached skill level 13 in Polearms
    82 | D        | Reached XP level 4. HP: 35/35 MP: 4/4
    95 | D        | Killed a gargoyle
   132 | D        | Noticed Sigmund
   145 | D        | Killed Sigmund
   145 | D        | Reached ** piety under Trog
   146 | D        | Reached skill level 16 in Polearms
   146 | D        | Reached XP level 5. HP: 41/41 MP: 5/5
   146 | D        | Reached XP level 6. HP: 47/47 MP: 6/6
   209 | D        | Found an ornate altar of the Wu Jian Council.
   209 | D        | Found a shimmering blue altar of Sif Muna.
   210 | D        | Found a burning altar of Makhleb.
   210 | D        | Found a viscous altar of Jiyva.
   210 | D        | Found a shimmering altar of Xom.
   210 | D        | Found a corrupted altar of Lugonu.
   210 | D        | Noticed a slime creature
   214 | D        | Killed a slime creature
   215 | D        | Reached skill level 18 in Polearms
   215 | D        | Reached XP level 7. HP: 52/52 MP: 7/7
   255 | D        | Found a radiant altar of Vehumet.
   258 | D        | Reached skill level 19 in Polearms
   303 | D        | Found Noseqyun's Book Emporium.
   303 | D        | Found an ancient bone altar of Kikubaaqudgha.
   303 | D        | Found a hazy altar of Hepliaklqana.
   303 | D        | Found a hide-covered altar of Uskayaw.
   303 | D        | Found a basalt altar of Yredelemnul.
   303 | D        | Found an opulent altar of Gozag.
   303 | D        | Found a snail-covered altar of Cheibriados.
   303 | D        | Found a sacrificial altar of Ru.
   303 | D        | Found a shadowy altar of Dithmenos.
   303 | D        | Noticed a yak
   311 | D        | Killed a yak
   311 | D        | Reached *** piety under Trog
   312 | D        | Reached skill level 20 in Polearms
   312 | D        | Found a stormy altar of Qazlal.
   312 | D        | Found a blossoming altar of Fedhas.
   312 | D        | Found a bloodstained altar of Trog.
   312 | D        | Found an iron altar of Okawaru.
   312 | D        | Found a glowing golden altar of the Shining One.
   312 | D        | Found a glowing silver altar of Zin.
   312 | D        | Found a white marble altar of Elyvilon.
   316 | D        | Found a sparkling altar of Nemelex Xobeh.
   355 | D        | Noticed a centaur warrior
   379 | D        | Noticed a kobold demonologist
   381 | D        | Noticed a kobold demonologist
   385 | D        | Reached skill level 5 in Fighting
   386 | D        | Killed a kobold demonologist
   387 | D        | Reached skill level 5 in Dodging
   387 | D        | Reached XP level 8. HP: 67/67 MP: 8/8
   389 | D        | Killed a kobold demonologist
   389 | D        | Reached **** piety under Trog
   441 | D        | Noticed a demonic crawler
   441 | D        | Noticed a demonic crawler
   441 | D        | Noticed a demonic crawler
   441 | D        | Noticed a demonic crawler
   446 | D        | Killed a demonic crawler
   447 | D        | Reached skill level 10 in Fighting
   453 | D        | Killed a demonic crawler
   454 | D        | Reached XP level 9. HP: 79/79 MP: 9/9
   458 | D        | Killed a demonic crawler
   466 | D        | Killed a demonic crawler
   720 | D        | Noticed Sonja
   733 | D        | HP: 4/82 [Sonja (3)]
   733 | D        | Slain by Sonja

Illustrated notes

Levels and vault maps discovered:
D:        dungeon_sprint_1 [red_sonja_temple_1, red_sonja_temple_small_1]

Skill      XL: |  1  2  3  4  5  6  7  8  9 |
---------------+----------------------------+-----
Polearms       | 9 13 16 18 20 | 20.2
Fighting       | 7 10 11 | 11.7
Dodging        | 5 8 9 |  9.3
Armour         | 2 3 4 |  4.6

Action                   |  1- 3 |  4- 6 |  7- 9 || total
-------------------------+-------+-------+-------++-------
Melee: Spear             |    11 |    11 |       ||    22
       Scythe            |       |     3 |    39 ||    42
Invok: Berserk           |     2 |     2 |     5 ||     9
       Trog's Hand       |       |       |     2 ||     2
       Brothers in Arms  |       |       |     1 ||     1
  Use: Potion            |       |       |     3 ||     3
Armor: Ring mail         |       |       |    33 ||    33
Dodge: Dodged            |       |     2 |    52 ||    54
